AoeStats
← 懒羊羊<爱睡懒觉版>

African Clearing

510331026Analyzed
4v4 RM · 14h ago on Sep 30, 2026· 56m 17s· 8 players
Game mode
Random Map
Map size
Large (8 player)
Population
200
Speed
Normal
Resources
Standard
Victory
Conquest
Starting age
Dark Age
Ending age
Imperial Age
RankedLock teamsTeams togetherTeam positionsShared explorationLock speedFull tech treeHidden civsTurbo modeCheats
Victory
Defeat
🇨🇳 Tatars · China
1168
+14
🇨🇳 Vietnamese · China
1142
+15
1114
+16
1083
+16
🇨🇭 Mongols · Switzerland
1133
-16
🇨🇳 Huns · China
1128
-16
🇧🇪 Maya · Belgium
1113
-15
🇨🇴 Romans · Colombia
1086
-14
Hymoteptep
2:59 Loom
12:23 Feudal Age
13:54 Feudal Age
14:45 Double-Bit Axe
15:27 Town Watch
20:29 Castle Age
20:58 Horse Collar
23:36 Wheelbarrow
23:02 Pikeman
23:58 Stone Mining
25:11 Forging
25:02 Scale Mail Armor
25:45 Stone Shaft Mining
25:02 Gold Mining
25:39 Bow Saw
30:35 Fletching
30:46 Padded Archer Armor
31:51 Bodkin Arrow
32:12 Leather Archer Armor
32:20 Heavy Plow
38:21 Imperial Age
36:40 Ballistics
38:52 Hand Cart
40:14 Elite Plumed Archer
41:36 Bracer
42:06 Ring Archer Armor
42:21 Conscription
43:08 Two-Man Saw
42:41 Crop Rotation
43:04 Town Patrol
45:57 Onager
46:44 Elite Plumed Archer
46:51 Elite Plumed Archer
48:32 Iron Casting
48:12 Chain Mail Armor
47:52 Eagle Warrior
50:11 Chemistry
50:14 Blast Furnace
49:12 Elite Eagle Warrior
52:38 Plate Mail Armor
52:51 Holcans
54:01 Hul'che Javelineers
53:53 Elite Skirmisher
frickman
6:36 Loom
13:54 Feudal Age
14:36 Feudal Age
15:45 Double-Bit Axe
19:07 Castle Age
23:28 Bow Saw
26:33 Padded Archer Armor
28:19 Gold Mining
30:22 Wheelbarrow
31:49 Fletching
36:01 Imperial Age
35:27 Stone Mining
36:18 Bodkin Arrow
36:38 Leather Archer Armor
37:18 Hand Cart
37:24 Bloodlines
37:14 Husbandry
37:18 Bracer
37:40 Conscription
39:43 Ballistics
40:24 Chemistry
39:37 Forging
39:32 Scale Barding Armor
41:42 Stone Shaft Mining
41:42 Gold Shaft Mining
41:20 Masonry
41:15 Siege Engineers
42:20 Iron Casting
42:05 Chain Barding Armor
42:34 Murder Holes
42:37 Light Cavalry
44:24 Hoardings
43:31 Elite Mangudai
44:46 Hoardings
45:15 Hussar
46:46 Horse Collar
46:46 Elite Steppe Lancer
48:13 Drill
49:02 Blast Furnace
52:14 Heavy Plow
51:57 Heavy Camel Rider
Chuterr
5:01 Loom
16:14 Feudal Age
17:00 Double-Bit Axe
16:58 Horse Collar
17:09 Man-at-Arms
27:10 Castle Age
25:41 Gold Mining
26:53 Scale Mail Armor
27:04 Forging
28:34 Wheelbarrow
27:34 Long Swordsman
27:34 Pikeman
28:16 Squires
30:16 Hand Cart
32:37 Chain Mail Armor
37:26 Town Watch
37:55 Bow Saw
37:46 Heavy Plow
38:25 Gold Shaft Mining
46:10 Imperial Age
43:40 Town Patrol
45:26 Iron Casting
46:16 Legionary
47:15 Guilds
47:23 Halberdier
52:07 Crop Rotation
53:10 Blast Furnace
隐姓埋名
5:15 Loom
16:10 Feudal Age
25:04 Castle Age
22:52 Double-Bit Axe
23:53 Scale Barding Armor
24:00 Forging
25:13 Bloodlines
25:51 Husbandry
29:48 Pikeman
35:12 Bow Saw
34:46 Horse Collar
35:42 Squires
35:28 Arson
35:45 Scale Mail Armor
37:37 Heavy Plow
43:37 Imperial Age
45:56 Halberdier
46:53 Chain Mail Armor
47:14 Iron Casting
左拳伤害高 右拳高伤害
3:45 Loom
13:58 Feudal Age
17:47 Castle Age
15:42 Double-Bit Axe
16:31 Horse Collar
28:31 Wheelbarrow
28:46 Gold Mining
28:46 Stone Mining
29:34 Bow Saw
29:29 Heavy Plow
33:30 Fletching
37:16 Imperial Age
35:45 Gold Shaft Mining
35:33 Fortified Wall
35:43 Ballistics
36:22 Hand Cart
36:05 Town Watch
37:11 Forging
37:01 Scale Mail Armor
37:19 Shield Wall
38:20 Conscription
37:23 Elite Hearth Troop
38:08 Scale Mail Armor
38:49 Iron Casting
38:56 Town Watch
39:47 Chain Mail Armor
39:27 Bodkin Arrow
40:43 Arson
40:59 Squires
40:44 Gambesons
41:40 Hoardings
42:33 Two-Man Saw
43:14 Plate Mail Armor
44:01 Siege Engineers
44:57 Chemistry
45:06 Masonry
46:00 Bracer
47:46 Town Patrol
49:04 Coinage
48:34 Caravan
52:48 Murder Holes
53:25 Architecture
微辣十三香
9:19 Loom
15:05 Feudal Age
19:03 Castle Age
18:01 Double-Bit Axe
18:02 Horse Collar
18:45 Gold Mining
19:17 Fletching
20:09 Bow Saw
19:29 Crossbowman
21:22 Wheelbarrow
22:34 Ballistics
23:14 Bodkin Arrow
24:48 Padded Archer Armor
25:36 Town Watch
25:52 Treadmill Crane
27:07 Hand Cart
29:19 Heavy Plow
37:37 Imperial Age
36:03 Leather Archer Armor
37:23 Thumb Ring
38:43 Bracer
39:47 Chemistry
38:12 Arbalester
38:41 Elite Rattan Archer
43:46 Crop Rotation
44:19 Two-Man Saw
45:06 Ring Archer Armor
45:46 Paper Money
45:42 Masonry
45:38 Siege Engineers
45:41 Chatras
50:20 Scale Barding Armor
50:26 Forging
51:21 Chain Barding Armor
51:34 Bloodlines
51:25 Husbandry
50:45 Elite Battle Elephant
53:56 Stone Mining
55:43 Plate Barding Armor
55:43 Iron Casting
懒羊羊<爱睡懒觉版>
4:19 Loom
14:47 Feudal Age
21:07 Castle Age
22:19 Scale Barding Armor
22:09 Double-Bit Axe
23:34 Chain Barding Armor
28:06 Forging
王炸炸
4:55 Loom
14:08 Feudal Age
16:10 Double-Bit Axe
17:07 Scale Barding Armor
17:12 Forging
18:38 Bloodlines
25:03 Castle Age
24:45 Horse Collar
25:00 Gold Mining
25:02 Stone Mining
29:09 Bow Saw
29:25 Heavy Plow
31:52 Gold Shaft Mining
38:40 Imperial Age
36:47 Wheelbarrow
37:28 Chain Barding Armor
37:44 Iron Casting
37:14 Husbandry
36:35 Light Cavalry
36:38 Pikeman
37:19 Squires
37:05 Arson
38:59 Ballistics
38:45 Scale Mail Armor
38:45 Elite Keshik
40:37 Silk Armor
41:00 Conscription
40:05 Hussar
42:43 Plate Barding Armor
43:09 Blast Furnace
43:24 Fletching
43:35 Padded Archer Armor
43:17 Elite Skirmisher
46:37 Chemistry
49:15 Bodkin Arrow
49:36 Leather Archer Armor
50:55 Timurid Siegecraft
Connection lost

Rejoining the realm…

Still unreachable

The connection could not be restored.

Session expired

The server has moved on; the page needs a fresh start.